 Dungeon Crawl Stone Soup version 0.26-a0-642-g67e99244d3 (webtiles) character file.

Game seed: 12969705653833071942

120 DogServant the Conjurer (level 4, 24/24 HPs)
             Began as a Deep Elf Conjurer on Sept 21, 2020.
             Quit the game on level 3 of the Dungeon.
             The game lasted 00:04:43 (2470 turns).

DogServant the Conjurer (Deep Elf Conjurer)         Turns: 2470, Time: 00:04:43

Health: 24/24      AC:  4    Str:  4    XL:     4   Next: 75%
Magic:  4/12       EV: 28    Int: 24    God:
Gold:   78         SH:  0    Dex: 13    Spells: 6/12 levels left

rFire    . . .     SeeInvis .   (no weapon)
rCold    . . .     Faith    .   (no shield)
rNeg     . . .     Spirit   .   e - +1 robe {MR+}
rPois    .         Reflect  .   m - +0 helmet
rElec    .         Harm     .   (no cloak)
rCorr    .         Rampage  .   (no gloves)
MR       +....                  (no boots)
Stlth    ++........             i - amulet of the acrobat
HPRegen  0.08/turn              (no ring)
MPRegen  0.13/turn              (no ring)

@: acrobat
A: no striking features
a: no special abilities


You were on level 3 of the Dungeon.
You visited 1 branch of the dungeon, and saw 3 of its levels.

You collected 78 gold pieces.

Inventory:

Armour
 a - a +0 robe
 e - a +1 robe of magic resistance (worn)
 m - a +0 helmet (worn)
Jewellery
 i - an amulet of the acrobat (around neck)
Scrolls
 j - 4 scrolls of amnesia
 k - a scroll of immolation {unknown}
Potions
 b - 2 potions of berserk rage
 c - a potion of curing {unknown}
 d - a potion of lignification
 f - a potion of haste {unknown}
 g - 2 potions of magic {unknown}
 h - a potion of flight {unknown}
 l - a potion of ambrosia {unknown}


   Skills:
 - Level 2.5 Dodging
 - Level 2.4 Stealth
 + Level 4.9 Spellcasting
 + Level 5.8 Conjurations


You had 6 spell levels left.
You knew the following spells:

 Your Spells              Type           Power        Failure   Level
a - Magic Dart            Conj           ####         1%          1
b - Searing Ray           Conj           ####..       1%          2
c - Dazzling Flash        Conj/Hex       ###...       8%          3

Your spell library contained the following spells:

 Spells                   Type           Power        Failure   Level
 Fulminant Prism          Conj/Hex       ###.......   26%         4
 Iskenderun's Mystic Bla  Conj/Tloc      ###.....     26%         4


Dungeon Overview and Level Annotations

Branches:
Dungeon (3/15)

Altars:
Ru


Message History

The worm is heavily wounded.
Casting: Magic Dart (safe; 1% risk of failure)
Confirm with . or Enter, or press ? or * to list all spells.
Aiming: Magic Dart (safe; 1% risk of failure)
Press: ? - help, Shift-Dir - straight line, f/p - worm
Aim: a worm (heavily wounded)
The magic dart hits the worm.
The worm is severely wounded.
Casting: Magic Dart (safe; 1% risk of failure)
Confirm with . or Enter, or press ? or * to list all spells.
Aiming: Searing Ray (safe; 1% risk of failure)
Press: ? - help, Shift-Dir - straight line, f/p - worm
Aim: a worm (heavily wounded)
The searing ray misses the worm. (Press . to maintain the ray.)
The searing ray hits the worm!
The worm is almost dead.
The searing ray hits the worm!
You kill the worm!
Are you sure you want to abandon this character and quit the game? (Confirm with "yes".)

............###.......
...........##........
..........#.........
...................
...................
##.####............
#######.###.............
........................
######@#.>.............
#...................
#.#.................
#.##................ #
##...............
##..............
##............. #...
...... ......


There were no monsters in sight!

Vanquished Creatures
  An orc wizard (D:3)
  Robin (D:3)
  An ooze (D:1)
  2 worms (D:3)
  3 dart slugs
  A ball python (D:3)
  9 bats
  3 giant cockroaches
  17 goblins
  6 hobgoblins
  5 jackals
  4 kobolds
  A quokka (D:3)
  2 frilled lizards
  7 rats
63 creatures vanquished.

Notes
Turn   | Place    | Note
-------+----------+-------------------------------------------
     0 | D:1      | DogServant the Deep Elf Conjurer began the quest for the
                  | Orb.
     0 | D:1      | Reached XP level 1. HP: 10/10 MP: 6/6
    83 | D:1      | Reached XP level 2. HP: 15/15 MP: 5/8
   185 | D:1      | Reached skill level 5 in Conjurations
   556 | D:1      | Reached XP level 3. HP: 19/19 MP: 8/10
   744 | D:2      | Learned a level 2 spell: Searing Ray
   748 | D:2      | Learned a level 3 spell: Dazzling Flash
  1971 | D:3      | Found a sacrificial altar of Ru.
  1973 | D:3      | Reached XP level 4. HP: 24/24 MP: 9/12
  2148 | D:3      | Noticed Robin
  2153 | D:3      | Killed Robin
  2470 | D:3      | Quit the game

Illustrated notes

Levels and vault maps discovered:
D:1:      grunt_arrival_lava_bath, layout_rooms, grunt_decor_one_mirror,
          solitary_fountain, minmay_small_reverse_x
D:2:      layout_loops_corners
D:3:      layout_basic, nicolae_ru_great_annihilating_truth, uniq_robin

Skill      XL: |  1  2  3 |
---------------+----------+-----
Conjurations   | 5 |  5.8
Spellcasting   | 4 |  4.9
Dodging        | |  2.5
Stealth        | |  2.4

Action                   |  1- 3 |  4- 6 || total
-------------------------+-------+-------++-------
Melee: Unarmed           |     2 |       ||     2
 Cast: Magic Dart        |    65 |    28 ||    93
       Searing Ray       |     4 |     7 ||    11
  Use: Scroll            |     4 |     1 ||     5
Armor: Robe              |     3 |       ||     3
Dodge: Dodged            |     2 |     2 ||     4

Table legend: (Time is in decaauts)
 A = Elapsed time spent in this place.
 B = Non-inter-level travel time spent in this place.
 C = Inter-level travel time spent in this place.
 D = Time resting spent in this place.
 E = Time spent auto-exploring this place.
 F = Levels seen in this place.
 G = Mean time per level.
                   A        B        C        D        E       F      G
               +--------+--------+--------+--------+--------+-----+--------+
         Total |   2469 |   2424 |     45 |    192 |   1940 |   3 |  823.0 |
       Dungeon |   2469 |   2424 |     45 |    192 |   1940 |   3 |  823.0 |
               +--------+--------+--------+--------+--------+-----+--------+

Top non-repeatable levels by time:
     D:2: 1207 daAuts
     D:1: 723 daAuts
     D:3: 538 daAuts
